 Dungeon Sprint DCSS version 0.30-a0-305-g026cb31310 (webtiles) character file.

Game seed: 9112079813392878363

15409 garrulousMonolith the Ninja (level 12, -2/67 HPs)
             Began as a Spriggan Enchanter on Oct 22, 2022.
             Was an Initiate of Gozag.
             Succumbed to poison (dark miasma)
             ... in the Dungeon (Sprint I: "Red Sonja").
             The game lasted 00:16:21 (2102 turns).

garrulousMonolith the Ninja (Spriggan Enchanter)    Turns: 2102, Time: 00:16:22

Health: -2/67      AC:  6    Str:  8    XL:     12   Next: 1%
Magic:  31/31      EV: 30    Int: 27    God:    Gozag
Gold:   1276       SH:  0    Dex: 20    Spells: 22/39 levels left

rFire   + . .      SeeInvis +    t - +3 quick blade (venom)
rCold   . . .      Faith    .    (no shield)
rNeg    . . .      Spirit   .    b - +2 robe
rPois   .          Reflect  .    s - +2 hood of the Assassin {Detection Stab+ Stlth++}
rElec   .          Harm     .    (no cloak)
rCorr   .          Rampage  .    (gloves unavailable)
Will    ++...      NoTele   +    (boots unavailable) Stlth *+++++++++
                                 m - amulet of the acrobat
HPRegen 0.31/turn                p - +6 ring of intelligence
MPRegen 0.22/turn                q - ring "Vyidunt" {rF+ Str+4 Dex+4 Slay+3 Stlth-}

@: lethally poisoned (-2 -> -58), slowed, quick
A: very small, no large weapons, unfitting armour, see invisible, speed 3
a: Renounce Religion, Potion Petition, Call Merchant, Bribe Branch


You were in the Dungeon.
You worshipped Gozag.
Gozag was most pleased with you.
You visited 1 branch You collected 6858 gold pieces.
You spent 4365 gold pieces at shops.
You paid 1217 gold pieces to Gozag.

Inventory:

Hand Weapons
 t - a +3 quick blade of venom (weapon)
 y - a +2 short sword of speed
Missiles
 l - 4 curare-tipped darts (quivered)
Armour
 b - a +2 robe (worn)
 n - a +2 robe of resistance
 s - the +2 hood of the Assassin (worn) {Detection Stab+ Stlth++}
   (You bought it in a shop in the Dungeon)

   It allows the wearer to sense nearby creatures.
   It allows the wearer to make particularly effective stabbing attacks against
   helpless or unaware enemies with any weapon.
   Stlth:     It makes you much more stealthy.
Jewellery
 c - a ring of protection from fire
 m - an amulet of the acrobat (around neck)
 p - a +6 ring of intelligence (left hand)
 q - the ring "Vyidunt" (right hand) {rF+ Str+4 Dex+4 Slay+3 Stlth-}
   (You found it in the Dungeon)

   [ring of protection from fire]

   Str:       It affects your strength (+4).
   Dex:       It affects your dexterity (+4).
   Slay:      It affects your accuracy & damage with ranged weapons and melee
   (+3).
   rF:        It protects you from fire.
   Stlth:     It makes you less stealthy.
 x - a +4 ring of protection
Wands
 e - a wand of light (8)
 j - a wand of flame (10)
 v - a wand of charming (9)
Scrolls
 i - a scroll of blinking
 k - a scroll of brand weapon
Potions
 a - 5 potions of heal wounds
 d - 4 potions of curing
 f - a potion of haste
 g - 2 potions of magic
 h - a potion of berserk rage
 o - a potion of mutation
 r - a potion of lignification
 u - 3 potions of invisibility
 w - a potion of flight


   Skills:
 + Level 10.0 Fighting
 - Level 10.0 Short Blades
 + Level 15.4 Dodging
 O Level 27 Stealth
 + Level 14.2 Spellcasting
 + Level 14.5 Hexes


You had 22 spell levels left.
You knew the following spells:

 Your Spells              Type           Power      Damage    Failure   Level
a - Ensorcelled Hibernat  Hex/Ice        100%       N/A       1%          2
b - Confusing Touch       Hex            78%        N/A       1%          3
c - Tukima's Dance        Hex            78%        N/A       1%          3
d - Dazzling Flash        Conj/Hex       100%       N/A       1%          3
e - Blink                 Tloc           38%        N/A       4%          2
f - Slow                  Hex            100%       N/A       0%          1
g - Mephitic Cloud        Conj/Pois/Air  19%        N/A       9%          3

Your spell library contained the following spells:

 Spells                   Type           Power      Damage    Failure   Level
 Magic Dart               Conj           76%        1d6       2%          1
 Call Imp                 Summ           19%        N/A       4%          2
 Momentum Strike          Conj/Tloc      38%        3d9       4%          2
 Lesser Beckoning         Tloc           38%        N/A       9%          3
 Vampiric Draining        Necr           19%        2d7       9%          3


Dungeon Overview and Level Annotations

Branches:
Dungeon (1/1)

Altars:
Cheibriados
Dithmenos
Elyvilon
Fedhas
Gozag
Hepliaklqana
Kikubaaqudgha
Makhleb
Nemelex Xobeh
Okawaru
Qazlal
Ru
Sif Muna
Trog
Uskayaw
Vehumet
Wu Jian
Xom
Yredelemnul
Zin
The Shining One
Jiyva
Lugonu

Shops:
D *:!(*=![?=*![:(!![=*

Annotations:
D exclusion: 4 doors


Innate Abilities, Weirdness & Mutations

You are very small and have problems with some larger weapons.
You are too small for most types of armour.
You have supernaturally acute eyesight. (SInv)
You cover ground extremely quickly. (Speed+++)


Message History

You spit the mummy priest like a pig!!!
You destroy the mummy priest!
You feel extremely nervous for a moment...
Your body is wracked with pain!
Your Fighting skill increases to level 10!
You have reached level 12!
You now have 1141 gold pieces (gained 45).
You now have enough gold to fund merchants seeking to open stores in the dungeon.
You now have 1222 gold pieces (gained 81).
The hornet is distracted by your dazzling golden aura.
Things that are here:
54 gold pieces; a +0 spear You now have 1276 gold pieces (gained 54).
Which direction?
You reach down and close the door.
There is an open door here.
You start resting.
You flicker for a moment.
You start resting.
You are no longer corroded.
You start resting.
You flicker back into view.
You start resting.
You are starting to lose your buoyancy.
You start resting.
You float gracefully downwards.
You start resting.
You are engulfed in dark miasma.
You are poisoned.
You feel yourself slow down.
You feel very sick.
You're standing in a cloud of foul pestilence!
You are engulfed in dark miasma.
You are lethally poisoned!
You feel extremely sick.
You close the door.
You are engulfed in dark miasma.
You are more poisoned.
You feel as though you will be slow longer.
* * * LOW HITPOINT WARNING * * *
You die...
Your body crumbles into a pile of gold.

,,*,,$***,,***$#..≈###+##.§.#$$$$
,,+,,$$$**,*{*$#..≈..#§####'#$$$$
{,*,,,,,*,,***$#.)≈.##'#§§§§##$$$
,,***++**,**,,$#.$≈##..§§§§.§##$$
,***,,***,,*+###..≈#....§.§.§.#$$
,****$$***,{{#.≈..##....§.§...##$
+*$$*,$*$***{#.≈).#......).....#,
,*$$$$$$$$$*{###°.#............#$
**$$$$$$$$$*{#°+@.##..........##$
$+$$$$$$****+#°##+##..........#$$
***$$$***,,,,#°*~~~##........##$$
,$*****,,,***#○*~~~~##).)...##$$$
{,,,,,,,***,^°○*~~~y~########,,$$
,,,,*****,,,^##**~~~~#~~~~~*,,,,$
,{,**^,,,^,^,*$$*'~~~'~~{~~',,,,$
,,**,,,,^,,,,*$$$##~~#~~~~~*~~~,,
$$*,,,^,,,,^,*$$$$******'*****~~~


There were no monsters in sight!

Vanquished Creatures
  A golden dragon (D)
  A shadow dragon (D)
  A deep elf annihilator (D)
  A mummy priest (D)
  2 centaur warriors (D)
  A hydra (D)
  Sonja (D)
  A deep troll (D)
  A lindwurm (D)
  2 oklob plants (D)
  2 merfolk sirens (D)
  A gargoyle (D)
  2 kobold demonologists (D)
  2 unseen horrors (D)
  4 demonic crawlers (D)
  A hellwing (D)
  2 hornets (D)
  A slime creature (D)
  Sigmund (D)
  A yak (D)
  13 hogs (D)
  2 redbacks (D)
  3 floating eyes (D)
  An ogre (D)
  7 necrophages (D)
  8 jellies (D)
  Ijyb (D)
  2 ballistomycete spores (D)
66 creatures vanquished.

Vanquished Creatures (others)
  A hornet (D)
1 creature vanquished.

Grand Total: 67 creatures vanquished

Notes
Turn   | Place    | Note
-------+----------+-------------------------------------------
     0 | D        | garrulousMonolith the Spriggan Enchanter began the quest
                  | for the Orb.
     0 | D        | Reached XP level 1. HP: 9/9 MP: 5/5
     2 | D        | Noticed Ijyb
     4 | D        | Killed Ijyb
     5 | D        | Reached skill level 9 in Stealth
     5 | D        | Reached XP level 2. HP: 13/13 MP: 6/6
     9 | D        | Noticed an ogre
    11 | D        | Killed an ogre
    12 | D        | Reached skill level 14 in Stealth
    12 | D        | Reached XP level 3. HP: 16/16 MP: 8/8
    12 | D        | Reached XP level 4. HP: 21/21 MP: 9/9
    15 | D        | Learned a level 2 spell: Ensorcelled Hibernation
    19 | D        | Learned a level 3 spell: Confusing Touch
    23 | D        | Learned a level 3 spell: Tukima's Dance
    34 | D        | Noticed Sigmund
    36 | D        | Killed Sigmund
    37 | D        | Reached skill level 19 in Stealth
    37 | D        | Reached XP level 5. HP: 24/24 MP: 10/10
    37 | D        | Reached XP level 6. HP: 28/28 MP: 11/11
    48 | D        | Found a shimmering blue altar of Sif Muna.
    49 | D        | Found an ornate altar of the Wu Jian Council.
    50 | D        | Found a radiant altar of Vehumet.
    82 | D        | Found Inibuga's Book Emporium.
    82 | D        | Found an ancient bone altar of Kikubaaqudgha.
    82 | D        | Found a hazy altar of Hepliaklqana.
    82 | D        | Found a hide-covered altar of Uskayaw.
    82 | D        | Found a basalt altar of Yredelemnul.
    82 | D        | Found an opulent altar of Gozag.
    82 | D        | Found a snail-covered altar of Cheibriados.
    82 | D        | Found a sacrificial altar of Ru.
    82 | D        | Found a shadowy altar of Dithmenos.
    82 | D        | Noticed a yak
    83 | D        | Found a stormy altar of Qazlal.
    83 | D        | Found a blossoming altar of Fedhas.
    83 | D        | Found a bloodstained altar of Trog.
    83 | D        | Found an iron altar of Okawaru.
    83 | D        | Found a glowing golden altar of the Shining One.
    83 | D        | Found a glowing silver altar of Zin.
    83 | D        | Found a white marble altar of Elyvilon.
    84 | D        | Killed a yak
    85 | D        | Reached skill level 21 in Stealth
    85 | D        | Found a sparkling altar of Nemelex Xobeh.
    88 | D        | Became a worshipper of Gozag Ym Sagoz the Greedy
    99 | D        | Noticed Sonja
   104 | D        | Killed Sonja
   105 | D        | Reached skill level 25 in Stealth
   105 | D        | Reached XP level 7. HP: 2/32 MP: 5/12
   200 | D        | Found Enkeirun's Assorted Antiques.
   223 | D        | Noticed a deep troll
   227 | D        | Killed a deep troll
   228 | D        | Reached skill level 27 in Stealth
   228 | D        | Reached XP level 8. HP: 37/37 MP: 13/13
   238 | D        | Found Viudel's Armour Emporium.
   308 | D        | Learned a level 3 spell: Dazzling Flash
   322 | D        | Found a viscous altar of Jiyva.
   322 | D        | Found a corrupted altar of Lugonu.
   322 | D        | Noticed a slime creature
   323 | D        | Found a burning altar of Makhleb.
   323 | D        | Found a shimmering altar of Xom.
   325 | D        | Killed a slime creature
   326 | D        | Reached skill level 1 in Fighting
   339 | D        | Noticed a kobold demonologist
   340 | D        | Noticed a kobold demonologist
   349 | D        | Killed a kobold demonologist
   350 | D        | Reached skill level 5 in Short Blades
   350 | D        | Reached skill level 5 in Dodging
   350 | D        | Reached skill level 5 in Hexes
   350 | D        | Reached XP level 9. HP: 26/43 MP: 11/16
   352 | D        | Noticed a rust devil
   356 | D        | Killed a kobold demonologist
   357 | D        | Reached skill level 5 in Spellcasting
   416 | D        | Noticed a demonic crawler
   416 | D        | Noticed a demonic crawler
   416 | D        | Noticed a demonic crawler
   416 | D        | Noticed a demonic crawler
   418 | D        | Killed a demonic crawler
   419 | D        | Killed a demonic crawler
   421 | D        | Killed a demonic crawler
   422 | D        | Killed a demonic crawler
   493 | D        | Noticed a centaur warrior
   495 | D        | Noticed a centaur warrior
   507 | D        | Killed a centaur warrior
   508 | D        | Reached XP level 10. HP: 49/51 MP: 18/22
   513 | D        | Noticed an oklob plant
   525 | D        | Killed a centaur warrior
   526 | D        | Reached skill level 5 in Fighting
   526 | D        | Reached skill level 10 in Short Blades
   851 | D        | Noticed a lindwurm
   853 | D        | Killed a lindwurm
   876 | D        | Reached skill level 10 in Dodging
   883 | D        | Reached skill level 10 in Hexes
   904 | D        | Reached skill level 10 in Spellcasting
  1045 | D        | Bought the +2 hood of the Assassin {Detection Stab+
                  | Stlth++} for 1680 gold pieces
  1045 | D        | Found the +2 hood of the Assassin {Detection Stab+ Stlth++}
  1069 | D        | Bought a book of Spatial Translocations for 220 gold pieces
  1072 | D        | Learned a level 2 spell: Blink
  1096 | D        | Killed an oklob plant
  1158 | D        | Reached XP level 11. HP: 58/58 MP: 21/26
  1493 | D        | Found Vepli's Assorted Antiques.
  1493 | D        | Found Xepesewn's Distillery.
  1493 | D        | Found Tups's Jewellery Boutique.
  1495 | D        | Found Uggenn's Armour Emporium.
  1495 | D        | Found Paowoidgh's Magic Scroll Shop.
  1495 | D        | Found Kaamovoq's Jewellery Shoppe.
  1495 | D        | Found Ducs's Assorted Antiques.
  1495 | D        | Found Enidib's Distillery.
  1495 | D        | Found Uqabre's Armour Shop.
  1495 | D        | Found Yjemp's Book Shoppe.
  1497 | D        | Bought a potion of heal wounds for 55 gold pieces
  1499 | D        | Found Efidyum's Weapon Boutique.
  1502 | D        | Found Fottoich's Distillery.
  1502 | D        | Found Cysu Ahe's Distillery.
  1503 | D        | Bought a scroll of magic mapping for 97 gold pieces
  1504 | D        | Found Doteahua's Jewellery Emporium.
  1512 | D        | Bought a ring of protection from fire for 300 gold pieces
  1521 | D        | Bought a scroll of brand weapon for 123 gold pieces
  1523 | D        | Bought 2 potions of heal wounds for 250 gold pieces
  1524 | D        | Bought an amulet of the acrobat for 360 gold pieces
  1620 | D        | Noticed a 12-headed hydra
  1622 | D        | Killed a 12-headed hydra
  1702 | D        | Noticed a shadow dragon
  1702 | D        | Noticed a golden dragon
  1708 | D        | Killed a shadow dragon
  1709 | D        | Killed a golden dragon
  1714 | D        | Identified the ring "Vyidunt" {rF+ Str+4 Dex+4 Slay+3
                  | Stlth-}
  1783 | D        | Found Ypidoz's General Store.
  1800 | D        | Bought 2 potions of invisibility for 208 gold pieces
  1899 | D        | Bought a potion of heal wounds for 75 gold pieces
  1899 | D        | Bought a potion of heal wounds for 75 gold pieces
  1911 | D        | Bought a book of Debilitation for 220 gold pieces
  1911 | D        | Bought a book of Minor Magic for 198 gold pieces
  1913 | D        | Learned a level 1 spell: Slow
  1917 | D        | Learned a level 3 spell: Mephitic Cloud
  1919 | D        | Bought a potion of flight for 36 gold pieces
  1919 | D        | Bought a potion of flight for 36 gold pieces
  1920 | D        | Bought a +4 ring of protection for 432 gold pieces
  1984 | D        | Noticed a deep elf annihilator
  2000 | D        | Noticed a mummy priest
  2004 | D        | Killed a deep elf annihilator
  2006 | D        | Noticed an oklob plant
  2053 | D        | Reached skill level 15 in Dodging
  2055 | D        | Killed an oklob plant
  2057 | D        | Killed a mummy priest
  2058 | D        | Reached skill level 10 in Fighting
  2058 | D        | Reached XP level 12. HP: 33/67 MP: 29/31
  2102 | D        | Succumbed to poison (dark miasma)

Illustrated notes

Levels and vault maps discovered:
D:        dungeon_sprint_1 [red_sonja_temple_1, red_sonja_temple_small_1]

Skill      XL: |  1  2  3  4  5  6  7  8  9 10 11 |
---------------+----------------------------------+-----
Stealth        | 9 14 19 25 27 | 27.0
Short Blades   | 2 5 9 10 | 10.0
Dodging        | 3 5 8 11 15 | 15.4
Spellcasting   | 3 4 7 10 14 | 14.2
Hexes          | 4 5 8 11 14 | 14.5
Fighting       | 2 4 7 10 | 10.0

Action                   |  1- 3 |  4- 6 |  7- 9 | 10-12 || total
-------------------------+-------+-------+-------+-------++-------
Melee: Dagger            |     2 |     4 |    22 |    76 ||   104
       Quick blade       |       |       |       |    26 ||    26
       Punch             |       |       |       |     1 ||     1
Throw: Dart              |       |       |       |     1 ||     1
 Cast: Ensorcelled Hiber |       |     3 |     3 |    21 ||    27
       Tukima's Dance    |       |       |       |     3 ||     3
       Confusing Touch   |       |       |       |     5 ||     5
Invok: Call Merchant     |       |       |       |     2 ||     2
Evoke: Wand              |       |       |     2 |     4 ||     6
  Use: Potion            |       |       |     4 |     4 ||     8
       Scroll            |       |       |       |     8 ||     8
 Stab: Sleeping          |     2 |     4 |     8 |    33 ||    47
       Invisible         |       |       |     2 |     9 ||    11
       Distracted        |       |       |       |     3 ||     3
       Confused          |       |       |       |     4 ||     4
Armor: Robe              |       |       |     2 |     1 ||     3
Dodge: Dodged            |       |     2 |    12 |    56 ||    70

Table legend: (Time is in decaauts)
 A = Elapsed time spent in this place.
 B = Non-inter-level travel time spent in this place.
 C = Inter-level travel time spent in this place.
 D = Time resting spent in this place.
 E = Time spent auto-exploring this place.
 F = Levels seen in this place.
 G = Mean time per level.
                   A        B        C        D        E       F      G
               +--------+--------+--------+--------+--------+-----+--------+
         Total |   1690 |   1678 |     12 |    708 |      0 |   1 | 1690.0 |
       Dungeon |   1690 |   1678 |     12 |    708 |      0 |   1 | 1690.0 |
               +--------+--------+--------+--------+--------+-----+--------+

Top non-repeatable levels by time:
       D: 1690 daAuts
